 Dungeon Crawl Stone Soup version 0.20.1-1-g8b1a95d (webtiles) character file.

1887 empire the Protected (level 8, -14/64 HPs)
             Began as a Minotaur Fighter on July 31, 2017.
             Was an Initiate of Nemelex Xobeh.
             Demolished by a large abomination (19 damage)
             ... on level 1 of the Abyss.
             The game lasted 00:13:15 (7568 turns).

empire the Protected (Minotaur Fighter)             Turns: 7568, Time: 00:13:17

Health: -14/64     AC: 10    Str: 21    XL:     8   Next: 92%
Magic:  8/8        EV: 11    Int:  5    God:    Nemelex Xobeh [......]
Gold:   178        SH:  9    Dex: 12    Spells: 7/7 levels left

rFire    . . .     SeeInvis .   B - +0 scimitar
rCold    . . .     Gourm    .   c - +0 shield
rNeg     . . .     Faith    .   a - +0 scale mail
rPois    +         Spirit   .   (helmet restricted)
rElec    .         Reflect  .   E - +1 cloak
rCorr    .         Harm     .   (no gloves)
MR       .....                  (no boots)
Stlth    ..........             (no amulet)
Regen    0.2/turn               e - ring of poison resistance
MPRegen  0.2/turn               (no ring)

@: about to teleport
A: retaliatory headbutt, horns 2
a: Renounce Religion


You were on level 1 of the Abyss.
You worshipped Nemelex Xobeh.
Nemelex Xobeh was noncommittal.
You were hungry.

You visited 2 branches of the dungeon, and saw 9 of its levels.
You visited the Abyss 1 time.

You collected 366 gold pieces.
You spent 188 gold pieces at shops.

Inventory:

Hand Weapons
 d - a +0 fustibalus
 y - a +0 falchion of electrocution
 B - a +0 scimitar (weapon)
Armour
 a - a +0 scale mail (worn)
 c - a +0 shield (worn)
 E - a +1 cloak (worn)
Jewellery
 e - a ring of poison resistance (left hand)
 k - an uncursed amulet of the gourmand {unknown}
 H - an uncursed amulet of the gourmand {unknown}
Scrolls
 h - 2 scrolls of enchant weapon {unknown}
 o - 2 scrolls of remove curse {unknown}
 q - a scroll of recharging {unknown}
 r - 2 scrolls of teleportation
 s - 3 scrolls of amnesia
 u - 2 scrolls of blinking {unknown}
 w - a scroll of fog {unknown}
 z - a scroll of immolation {unknown}
 A - 2 scrolls of magic mapping {unknown}
 C - 3 scrolls of fear {unknown}
 I - a scroll of summoning {unknown}
Potions
 b - 3 potions of agility
 g - a potion of cancellation
 i - a potion of curing
 n - a potion of lignification
 t - a potion of magic {unknown}
 v - a potion of mutation {unknown}
 x - 3 potions of resistance
 D - a potion of ambrosia {unknown}
 G - a potion of degeneration
Books
 F - a book of Clouds

   Spells                             Type                      Level
   a - Poisonous Vapours              Poison/Air                   2
   b - Mephitic Cloud                 Conjuration/Poison/Air       3
   c - Conjure Flame                  Conjuration/Fire             3
   d - Freezing Cloud                 Conjuration/Ice/Air          6
   e - Ring of Flames                 Charms/Fire                  7
Miscellaneous
 l - a plain deck of escape
Comestibles
 f - 6 bread rations
 j - 6 fruits
 m - 4 royal jellies
 p - 3 meat rations


   Skills:
 - Level 3.6 Fighting
 + Level 7.4 Long Blades
 - Level 9.1 Armour
 - Level 7.2 Dodging
 - Level 3.6 Shields
 + Level 2.2 Invocations


You had 7 spell levels left.
You didn't know any spells.

Dungeon Overview and Level Annotations

Branches:
Dungeon (8/15)             Temple (1/1) D:5
   Lair: D:8-11

Altars:
Ashenzari
Cheibriados
Dithmenos
Elyvilon
Fedhas
Gozag
Hepliaklqana
Makhleb
Nemelex Xobeh
Okawaru
Qazlal
Ru
Sif Muna
Trog
Uskayaw
Vehumet
Xom
Yredelemnul
Zin
The Shining One

Shops:
D:7 *

Annotations:
D:6 1 exclusion
D:8 Psyche


Innate Abilities, Weirdness & Mutations

You reflexively headbutt those who attack you in melee.
You have a pair of horns on your head.


Message History

As you read the scroll labeled VESSIX MI GYH, it crumbles to dust.
It is a scroll of amnesia.
You feel forgetful for a moment. The ufetubus completely misses you.
You block the ufetubus's attack.
The ufetubus hits you but does no damage.
The ufetubus hits you.
A large abomination comes into view.
As you read the scroll labeled ONOGHO UQAGEPA, it crumbles to dust.
You feel strangely unstable.
You feel the power of the Abyss delaying your translocation!
It was a scroll of teleportation.
The sixfirhy hits you.
* * * LOW HITPOINT WARNING * * *
The sixfirhy shocks you!
* * * LOW HITPOINT WARNING * * *
You block the sixfirhy's attack.
The large abomination moves out of view.
The sixfirhy hits you but does no damage.
The large abomination hits you!!
You die...
Your body disappears without a glow.

#..#. . .....
###. .##.#.#
#...#...... .
..#..## .# .#.
#.35..#..####...
.. .# 3.###... #
#..###..
#####.5#.#X##
#.##5#.#@#
#..#.#.#3##
####.#555#
.#.##.§.§. ..##
..#§#..# ..# ...
.# # .# .#.## .#
## #.## .. . .


You could see a large abomination, a sixfirhy and 3 ufetubi.

Vanquished Creatures
  Eustachio (D:4)
  Menkaure (D:7)
  Duvessa (D:4)
  An orc warrior (D:6)
  An ice beast (D:8)
  An ogre (D:7)
  Blork the orc (D:4)
  A bullfrog (D:6)
  Dowan (D:4)
  4 scorpions
  A crimson imp (D:4)
  A bullfrog zombie (D:6)
  A jelly (D:7)
  Crazy Yiuf (D:4)
  5 orc priests
  2 bullfrog skeletons
  A hound (D:4)
  4 orc wizards
  3 iguanas
  3 worker ants
  A hound skeleton (D:4)
  10 adders
  3 gnolls (D:7)
  A howler monkey skeleton (D:6)
  A shadow imp (D:4)
  3 adder zombies
  A worm (D:4)
  2 leopard geckos (D:3)
  15 orcs
  A ball python (D:6)
  11 giant cockroaches
  7 goblins
  5 hobgoblins
  23 jackals
  6 kobolds
  3 quokkas
  4 bats
  4 frilled lizards
  A leopard gecko skeleton (D:4)
  8 rats
145 creatures vanquished.

Notes
Turn   | Place    | Note
-------+----------+-------------------------------------------
     0 | D:1      | empire the Minotaur Fighter began the quest for the Orb.
     0 | D:1      | Reached XP level 1. HP: 19/19 MP: 0/0
   271 | D:1      | Reached XP level 2. HP: 26/26 MP: 1/1
   724 | D:2      | Found an opulent altar of Gozag.
   879 | D:2      | Reached XP level 3. HP: 31/31 MP: 2/2
  1371 | D:3      | Reached skill level 5 in Long Blades
  1686 | D:3      | Reached XP level 4. HP: 33/39 MP: 3/3
  1818 | D:3      | Reached skill level 1 in Dodging
  2459 | D:4      | Reached XP level 5. HP: 38/45 MP: 4/4
  2689 | D:4      | Found a burning altar of Makhleb.
  2728 | D:4      | Noticed Dowan
  2730 | D:4      | Noticed Duvessa
  2748 | D:4      | Killed Duvessa
  2748 | D:4      | Reached skill level 5 in Dodging
  2748 | D:4      | Reached XP level 6. HP: 23/51 MP: 5/5
  2749 | D:4      | Killed Dowan
  3007 | D:4      | Found a runed door.
  3039 | D:4      | Noticed Eustachio
  3063 | D:4      | Killed Eustachio
  3063 | D:4      | Reached XP level 7. HP: 37/57 MP: 6/6
  3242 | D:4      | Noticed Blork the orc
  3256 | D:4      | Killed Blork the orc
  3367 | D:4      | Found an iron altar of Okawaru.
  3430 | D:4      | Found a glowing silver altar of Zin.
  3482 | D:4      | Reached skill level 4 in Armour
  3574 | D:4      | Found a white marble altar of Elyvilon.
  3639 | D:4      | Reached skill level 5 in Armour
  3754 | D:4      | Found a hazy altar of Hepliaklqana.
  3799 | D:4      | Found a basalt altar of Yredelemnul.
  3820 | D:4      | Reached skill level 6 in Armour
  4235 | D:4      | Noticed Crazy Yiuf
  4243 | D:4      | Killed Crazy Yiuf
  4305 | D:5      | Entered Level 5 of the Dungeon
  4473 | D:5      | Reached skill level 7 in Armour
  4473 | D:5      | Reached XP level 8. HP: 28/64 MP: 7/7
  5204 | D:5      | Found a staircase to the Ecumenical Temple.
  5229 | Temple   | Entered the Ecumenical Temple
  5591 | D:6      | Found a bloodstained altar of Trog.
  5794 | D:6      | Reached skill level 8 in Armour
  6211 | D:6      | Reached skill level 9 in Armour
  6235 | D:6      | Found a glowing golden altar of the Shining One.
  6555 | D:7      | Found a sparkling altar of Nemelex Xobeh.
  6571 | D:7      | Became a worshipper of Nemelex Xobeh the Trickster
  6903 | D:7      | Found Tubbagutoh's Assorted Antiques.
  6909 | D:7      | Bought a scroll labeled VESSIX MI GYH for 32 gold pieces
  6909 | D:7      | Bought a potion of agility for 128 gold pieces
  6909 | D:7      | Bought a murky yellow potion for 28 gold pieces
  6921 | D:7      | Received a gift from Nemelex Xobeh
  7036 | D:7      | Noticed Menkaure
  7043 | D:7      | Killed Menkaure
  7043 | D:7      | Reached skill level 1 in Invocations
  7387 | D:7      | Found a deep blue altar of Sif Muna.
  7450 | D:8      | Found a basalt altar of Yredelemnul.
  7509 | D:8      | Noticed Psyche
  7518 | D:8      | Cast into level 1 of the Abyss (Psyche)
  7565 | Abyss:1  | Noticed a sixfirhy
  7568 | Abyss:1  | Noticed a large abomination
  7568 | Abyss:1  | Demolished by a large abomination

Skill      XL: |  1  2  3  4  5  6  7  8 |
---------------+-------------------------+-----
Long Blades    | 3 4 5 7 |  7.4
Dodging        | 2 5 6 7 |  7.2
Armour         | 7 9 |  9.1
Invocations    | 2 |  2.2
Fighting       | |  3.6
Shields        | |  3.6

Action                   |  1- 3 |  4- 6 |  7- 9 || total
-------------------------+-------+-------+-------++-------
Melee: Long sword        |    89 |   105 |   186 ||   380
       Headbutt          |    13 |    17 |    56 ||    86
       Scimitar          |       |       |    78 ||    78
  Use: Potion            |       |     1 |     5 ||     6
       Scroll            |       |       |     9 ||     9
  Eat: Chunk             |     2 |     5 |    12 ||    19
       Fruit             |       |       |     2 ||     2
Armor: Scale mail        |    28 |    30 |    98 ||   156
Dodge: Dodged            |    46 |    50 |   107 ||   203
Block: Shield            |    55 |    54 |   123 ||   232
       Rpst.: Long sword |    11 |    14 |    21 ||    46
       Scimitar          |       |       |    10 ||    10
